← All builds
Suicide front / Cortex / Economy first / OBSERVED BUILD

Standard suicide front

Cortex Suicide front build order · Supreme Isthmus

The role's baseline economy-first play: fast Bot Lab, early Advanced Metal Extractor, and a Thug/Grunt/Aggravator mix pushed to hold the middle while teching up.

#raid #push · 1059 distinct matches · 187 players · 73% of Cortex Suicide front games · team won 57% of 1129 · Recently observed

HOW TO PLAY IT

Key timing: Bot Lab by 0:39

  1. Open 3 mex, then rush Bot Lab almost immediately.
  2. Finish Bot Lab and start pushing Thug, Grunt, Aggravator.
  3. Send units straight to middle to contest and stop leaks.
  4. Eat the Bot Lab for metal if 32% of games reach that point.
  5. Transition into Advanced Metal Extractor once middle is stable.

Phase by phase

TYPICAL OF ITS 1059 GAMES
  1. 1
  2. 2
  3. 3
PLAY THE OPENING

Follow the example game's first 6:00 step by step: what to build now, what comes next, and where it goes. At 1× it keeps pace with your own game.

  1. 1

    Up to the Bot Lab

    Economy
    • Metal Extractor2Mex
    Order
    1. Bot LabBot Lab after 2 mexdone ~0:36, middle half 0:27–0:45

    By 0:21 in all: 2 mex

    The example game in this phase · 3 steps
    1. Mex ×2
    2. Radar TowerRadar Tower
    3. Bot LabBot Labdone 0:38 · typical 0:36
  2. 2

    Bot Lab to 5:00

    Economy
    • Metal Extractor3Mex
    • Wind Turbine2Wind
    Builders
    • Graverobber4 Graverobber
    • Construction Bot3 Con bot
    Army
    • Guard3 Guard
    • Thug16 Thug
    • Grunt3 Grunt
    Other
    • Radar Tower1 Radar Tower

    Some games also: aggravator (38%) · con turret (31%)

    By 5:00 in all: 5 mex · 3 wind

    The example game in this phase · 25 steps
    1. GruntGrunt
    2. Mex
    3. Wind
    4. GruntGrunt
    5. Wind
    6. GraverobberGraverobber
    7. ThugThug ×5
    8. Construction BotCon bot
    9. ThugThug ×2
    10. GuardGuard
    11. ThugThug
    12. Mex
    13. ThugThug
    14. Radar TowerRadar Tower
    15. Construction BotCon bot ×2
    16. GuardGuard
    17. Construction BotCon bot
    18. GuardGuard ×2
    19. AggravatorAggravator ×2
    20. Twin GuardTwin Guard
    21. AggravatorAggravator ×2
    22. Twin GuardTwin Guard ×2
    23. AggravatorAggravator
    24. GraverobberGraverobber
    25. Dragon's TeethDragon's Teeth
  3. 3

    5:00 to 10:00

    Economy
    • Metal Extractor1Mex
    • Wind Turbine12Wind
    Builders
    • Construction Turret1 Con turret
    • Graverobber3 Graverobber
    • Construction Bot1 Con bot
    Army
    • Guard1 Guard
    • Thug11 Thug
    • Grunt1 Grunt

    Some games also: aggravator (42%) · Radar Tower (39%) · energy storage (37%) · Twin Guard (31%)

    By 10:00 in all: 6 mex · 16 wind · 2 con turret

    The example game in this phase · 73 steps
    1. Dragon's TeethDragon's Teeth ×3
    2. Twin GuardTwin Guard
    3. AggravatorAggravator
    4. Mex
    5. Twin GuardTwin Guard
    6. AggravatorAggravator
    7. Twin GuardTwin Guard
    8. AggravatorAggravator
    9. Dragon's TeethDragon's Teeth ×3
    10. Mex
    11. AggravatorAggravator
    12. Twin GuardTwin Guard
    13. AggravatorAggravator
    14. Energy storage
    15. AggravatorAggravator
    16. Con turret
    17. AggravatorAggravator ×4
    18. Con turret
    19. Twin GuardTwin Guard
    20. GraverobberGraverobber
    21. AggravatorAggravator ×3
    22. Advanced Metal ExtractorT2 mexdone 11:38 · typical 10:00
    23. Twin GuardTwin Guard
    24. AggravatorAggravator
    25. Radar TowerRadar Tower
    26. Wind
    27. AggravatorAggravator
    28. Twin GuardTwin Guard
    29. Wind
    30. GraverobberGraverobber
    31. Converter ×2
    32. Mex
    33. Wind
    34. GraverobberGraverobber
    35. GruntGrunt ×2
    36. Converter
    37. Wind
    38. Converter
    39. GruntGrunt ×3
    40. Advanced Metal ExtractorT2 mex
    41. Wind
    42. Converter
    43. GruntGrunt ×3
    44. Wind
    45. GruntGrunt ×2
    46. Wind
    47. GruntGrunt
    48. Wind
    49. GruntGrunt
    50. Wind
    51. GruntGrunt
    52. Advanced Metal ExtractorT2 mex
    53. Wind
    54. GruntGrunt ×2
    55. Con turret
    56. RattlesnakeRattlesnakenot finished by 15:00
    57. GruntGrunt ×2
    58. Wind
    59. GruntGrunt
    60. Con turret
    61. GruntGrunt
    62. Wind
    63. GruntGrunt
    64. RattlesnakeRattlesnake
    65. GraverobberGraverobber
    66. GruntGrunt
    67. Wind
    68. GruntGrunt ×2
    69. Wind
    70. GruntGrunt ×3
    71. Wind
    72. GruntGrunt
    73. Wind

Counts are medians over the build's games: half of them build more, half fewer. The example game is Ubilosis's (31 OS, 14/09/2026); pick another.

Team trades

IN AT LEAST 30% OF ITS GAMES

You hand over

Nothing regular.

You get

  • Tidal Generator4 Tidal from Pondfirst at 0:11 · in 69% of games
  • Advanced Construction Bot1 T2 con bot from Geo or Techfirst at 7:46 · in 55% of games

How it plays out

Typical game of this build, running totals by minute

Metal produced

010k20k
0:005:0010:0015:00

metal

Enemy metal destroyed

05k10k
0:005:0010:0015:00

metal

Own metal lost

05k10k
0:005:0010:0015:00

metal

1129 games.

Show as table
ByMetal produced: This buildEnemy metal destroyed: This buildOwn metal lost: This build
1:0033000
2:0094400
3:002036216173
4:003125733632
5:00428115421394
6:00547425052331
7:00664936373310
8:00782945654355
9:00894453015270
10:001021360176154
11:001158865676915
12:001316370367714
13:001475877548382
14:001637283518916
15:001774489709568
WHAT THE NUMBERS SAY

This baseline wins more often than most other roles' standard builds, with early aggression showing in high kills and losses alike.

  • + Team wins 54% of games, best winrate among the roles shown.
  • + First kill lands very early at 2:07 in all games.
  • − Own metal lost is heavy early, 1439 by 5:00.
  • − Enemy destroyed stays close to own losses through 15:00, a costly front.
THE EXAMPLE YOU ARE READING

Ubilosis

30.9 OS · 14/09/2026

Open source match ↗

5 received units · includes a constructor
277 metal received · 77844 energy received

Allied construction assistance is unknown. Timings are observations, not a promise of solo reproducibility.

Typical milestones

Bot Lab0:36Middle 50%: 0:27–0:45 · n=1123
Advanced Metal Extractor10:00Middle 50%: 9:00–11:14 · n=703

Played most by

XXMACGAMERXX134games of this build_Hawkey_70games of this build_X_61games of this buildrealisticjo53games of this buildAbyssFalcon48games of this build